[Event "*** Titled Tuesday Blitz"]
[Site "Chess.com"]
[Date "2020.05.19"]
[Round "1"]
[White "lamomiablanca"]
[Black "ChessicallyInclined"]
[Result "1-0"]
[WhiteElo "2172"]
[BlackElo "2490"]
[TimeControl "180+1"]
[EndTime "12:07:32 PDT"]
[Termination "lamomiablanca won by resignation"]

1. e4 c5 2. d3 Nc6 3. g3 g6 4.
Bg2 Bg7 5. f4 d6 6. Nf3 Nf6 7.
O-O O-O 8. h3 Rb8 9. a4 a6 10. Nc3 b5 11. axb5 axb5 12. Ne2 b4 13. g4 d5 14. e5 Ne8 15. Be3 Rb5 16. d4 cxd4 17. Nexd4 Nxd4 18. Nxd4 Ra5 19. Rxa5 Qxa5 20. Nc6 Qc7 21. Nxb4 e6 22. Nd3 Ba6 23. Rf2 Bxd3 24. Qxd3 Qb8 25. Bc5 Qxb2 26. Bxf8 Bxf8 27. Rf1 Qb6+ 28.
Kh1 Qc5 29. f5 d4 30. fxe6 fxe6 31. Qf3 Qe7 32. Qe4 Qd7 33. Qc6 Qe7 34. Qb7 Nc7 35. Qc8 Kg7 36. Rxf8 Qxf8 37. Qxc7+ Kh6 38. Qc6 Qf4 39.
Qe4 Qf2 40. Kh2 Kg5 41. Kh1 Kh4 42. Qd3 Qe1+ 43. Bf1 Qxe5 44. Kg2 Kg5 45. Qd2+ Kf6 46. Bd3 Kg7 47. Qe2 Qd5+ 48. Qe4 Qd6 49. g5 Qc5 50. h4 Qd6 51. Qf3 Qe5 52. Qf6+ Qxf6 53.
gxf6+ Kxf6 54. Kg3 g5 55. hxg5+ Kxg5 56. Bxh7 Kf6 57. Bd3 Ke5 58. Kf3 Kd5 59. Kf4 1-0

[Event "*** Titled Tuesday Blitz"]
[Site "Chess.com"]
[Date "2020.05.19"]
[Round "1"]
[White "tgpgoat"]
[Black "Tolya2"]
[Result "1/2-1/2"]
[WhiteElo "2051"]
[BlackElo "2476"]
[TimeControl "180+1"]
[EndTime "12:07:32 PDT"]
[Termination "Game drawn by repetition"]

1. Nf3 Nf6 2. d4 d5 3. c4 dxc4 4. e3 e6 5. Bxc4 c5 6. Nc3 a6 7. O-O b5 8. Bb3 Bb7 9. dxc5 Nbd7 10. Nd4 Nxc5 11. Bc2 Be7 12. Qe2 O-O 13. Rd1 Qc7 14.
b4 Ncd7 15. Bb2 Nb6 16. a3 Nc4 17. Bd3 Nxb2 18. Qxb2 Rfc8 19. Rac1 Qe5 20. Nce2 h6 21. Rxc8+ Rxc8 22. Rc1 Rxc1+ 23. Qxc1 Bd6 24. Ng3 g6 25. Be2 Kg7 26. Bf3 Nd5 27. Qc2 h5 28. Nf1 Bb8 29. Nc6 Bxc6 30. Qxc6 Qd6 31. Qxd6 Bxd6 32. Nd2 Kf8 33. Kf1 Ke7 34. Ke2 Nc7 35. h3 f5 36.
Kd3 e5 37. Bb7 Ke6 38. Kc3 e4 39. Kb3 Bh2 40. f3 exf3 41. Bxf3 Bg1 42. e4 f4 43. a4 g5 44. axb5 Nxb5 45. Nb1 Ke5 46. Bxh5 Kxe4 47.
Bf3+ Kd3 48. Ka4 Bb6 49. Na3 Nxa3 50. Kxa3 Kc3 51. Bb7 a5 52. bxa5 Bxa5 53. Bf3 Kd4 54. Kb3 Bc7 55. Kc2 Ke3 56. Kd1 Bd6 57. Ke1 Bb4+ 58. Kf1 Be7 59. Ke1 Bb4+ 60. Kf1 Be7 61. Ke1 Bb4+ 1/2-1/2

[Event "*** Titled Tuesday Blitz"]
[Site "Chess.com"]
[Date "2020.05.19"]
[Round "1"]
[White "Pudor"]
[Black "maciek_92"]
[Result "0-1"]
[WhiteElo "2392"]
[BlackElo "2734"]
[TimeControl "180+1"]
[EndTime "12:07:33 PDT"]
[Termination "maciek_92 won by resignation"]

1. d4 Nf6 2. c4 e6 3. Nc3 Bb4 4.
Nf3 O-O 5. Qc2 d5 6. a3 Bxc3+ 7. Qxc3 b6 8. Bg5 Bb7 9. e3 Nbd7 10. cxd5 exd5 11. Bd3 h6 12. Bh4 Rc8 13. O-O c5 14.
Rad1 Qe7 15. Bb1 Qe6 16. dxc5 bxc5 17. Rfe1 Ne4 18. Qd3 Rfe8 19. Ba2 Nb6 20. b4 cxb4 21. axb4 Nc3 22. Ra1 Qg4 23. Qd4 Re4 24. Qd2 d4 25. Bg3 dxe3 26. Rxe3 Rxe3 27. Qxe3 Qxb4 28. Bxf7+ Kxf7 29. Re1 Ne4 30. Be5 Kg8 31. h3 Rf8 32. Bd4 Nc4 33. Qd3 Ncd2 34. Nxd2 Qxd2 35. Qxd2 Nxd2 36. Re7 Rf7 37. Re8+ Kh7 38. Rb8 Bd5 39. Be3 Nc4 40. Rd8 Nxe3 41. fxe3 Be4 0-1

[Event "*** Titled Tuesday Blitz"]
[Site "Chess.com"]
[Date "2020.05.19"]
[Round "1"]
[White "Orest_Vovk"]
[Black "Zurability"]
[Result "0-1"]
[WhiteElo "2364"]
[BlackElo "2689"]
[TimeControl "180+1"]
[EndTime "12:07:33 PDT"]
[Termination "Zurability won on time"]

1. e4 c5 2. Be2 Nc6 3. f4 Nd4 4.
Nf3 Nxe2 5. Qxe2 d5 6. Nc3 d4 7. Nd1 Nf6 8. d3 b6 9. O-O Bb7 10. Nf2 g6 11. a4 Bg7 12. Ne5 O-O 13. Nfg4 Qc7 14. Nxf6+ exf6 15. Nc4 a6 16. a5 b5 17.
Nb6 Rae8 18. f5 c4 19. Bf4 Qc6 20. Bg3 Bh6 21. Bf4 Bg7 22. Bg3 Re7 23. b3 cxd3 24.
cxd3 Bh6 25. Bf4 Bxf4 26. Rxf4 Qc3 27. Rff1 Qxb3 28. Rac1 Qb4 29. Qa2 Qd6 30. fxg6 hxg6 31. Rf2 Kg7 32. Rcf1 Re6 33. Qd2 Rh8 34. g3 Rh5 35.
Rf4 Qd8 36. Qf2 Qd6 37. Qd2 f5 38.
Nd5 Bxd5 39. exd5 Qxd5 40. Qf2 Re3 41. Rd1 Rh8 42. Qb2 Rd8 43. Kf2 Qe5 44. Qd2 Re8 45.
Kg1 Re2 46. Qc1 Qd5 0-1

[Event "*** Titled Tuesday Blitz"]
[Site "Chess.com"]
[Date "2020.05.19"]
[Round "1"]
[White "IIIlllII1llIl"]
[Black "ChelsieMonica"]
[Result "1-0"]
[WhiteElo "2631"]
[BlackElo "2331"]
[TimeControl "180+1"]
[EndTime "12:07:33 PDT"]
[Termination "IIIlllII1llIl won by checkmate"]

1. e4 e5 2. Nf3 Nc6 3. Bb5 a6 4. Ba4 Nf6 5. O-O b5 6. Bb3 Be7 7. d3 O-O 8. Nc3 d6 9. Nd5 Bg4 10. Nxf6+ Bxf6 11. Bd5 Qd7 12. c3 Rab8 13. Bxc6 Qxc6 14.
Nxe5 dxe5 15. Qxg4 Rbd8 16. Qe2 Rd7 17. Be3 Rfd8 18.
Rad1 Qe6 19. a3 Be7 20. Rd2 c5 21. Rfd1 Qc6 22. f3 Bf6 23. Kh1 h5 24. Qf2 c4 25.
d4 exd4 26. cxd4 Be7 27. d5 Qg6 28. Bd4 f5 29. Qg3 Qh6 30. Bc3 Bg5 31. Re2 Bf4 32.
Qh3 fxe4 33. fxe4 Rf8 34. Qxd7 h4 35. Qe6+ Qxe6 36. dxe6 Rd8 37. g3 Rxd1+ 38. Kg2 h3+ 39. Kxh3 Bc1 40. Rf2 Bg5 41. Bb4 Bf6 42. e5 Re1 43. exf6 gxf6 44. Rxf6 Re5 45. e7 c3 46.
bxc3 a5 47. Rf8+ Kg7 48. e8=Q Rxe8 49. Rxe8 a4 50. Bc5 Kf6 51. Rb8 Ke5 52. Bb4 Kd5 53. Rxb5+ Kc4 54. Ra5 Kb3 55. g4 Ka2 56. Kg3 Kb3 57.
h4 Ka2 58. h5 Kb3 59. g5 Ka2 60. h6 Kb3 61. g6 Ka2 62. h7 Kb3 63. g7 Ka2 64.
Kg4 Kb2 65. Kg5 Kb3 66. Kg6 Kb2 67. Rxa4 Ka2 68. Ra5 Kb3 69. c4 Kb2 70. c5 Ka2 71.
c6 Kb2 72. Rc5 Ka2 73. c7 Kb3 74. c8=Q Ka2 75. Qc7 Kb3 76. Qd6 Ka4 77. Qd1# 1-0

[Event "*** Titled Tuesday Blitz"]
[Site "Chess.com"]
[Date "2020.05.19"]
[Round "1"]
[White "ChronicUnhappiness"]
[Black "DenisQ"]
[Result "1-0"]
[WhiteElo "2290"]
[BlackElo "2553"]
[TimeControl "180+1"]
[EndTime "12:07:34 PDT"]
[Termination "ChronicUnhappiness won on time"]

1. c4 Nf6 2. Nf3 c6 3. g3 d5 4. Bg2 dxc4 5. O-O b5 6. a4 e6 7. axb5 cxb5 8. Nd4 Qxd4 9. Bxa8 Be7 10. Nc3 a6 11. d3 cxd3 12. Qxd3 Qxd3 13. exd3 Nbd7 14. d4 O-O 15. d5 Nb6 16. Bc6 Nbxd5 17. Nxd5 Nxd5 18.
Bd2 Nb4 19. Be4 f5 20. Bf3 Rd8 21. Bxb4 Bxb4 22. Rfd1 Rf8 23. Rac1 Ba5 24. Rd6 Bb4 25.
Rd4 Ba5 26. Kg2 e5 27. Bd5+ Kh8 28. Rdd1 Bb6 29. h4 f4 30. gxf4 exf4 31. f3 h6 32.
h5 Be3 33. Rc7 Bf5 34. Be4 Bxe4 35. fxe4 f3+ 36. Kf1 Bf4 37. Rcd7 Kh7 38. R1d5 Be3 39. Rf5 Rxf5 40. exf5 f2 41. f6 Kg8 42. fxg7 b4 43. b3 a5 44. Ke2 1-0

[Event "*** Titled Tuesday Blitz"]
[Site "Chess.com"]
[Date "2020.05.19"]
[Round "1"]
[White "GM4life"]
[Black "Alliswell998"]
[Result "0-1"]
[WhiteElo "2199"]
[BlackElo "2528"]
[TimeControl "180+1"]
[EndTime "12:07:34 PDT"]
[Termination "Alliswell998 won by checkmate"]

1. e4 c5 2. Nf3 d6 3. d4 cxd4 4.
Nxd4 Nf6 5. Nc3 a6 6. Be3 e5 7. Nb3 Be7 8. f3 Be6 9. Qd2 O-O 10. O-O-O a5 11. a4 Nc6 12. Kb1 Nb4 13. g4 Rc8 14. g5 Ne8 15. h4 d5 16. exd5 Bf5 17. Na1 Nd6 18. b3 Qc7 19. Kb2 Rfd8 20. h5 b5 21.
axb5 a4 22. b6 Qb7 23. bxa4 Rc4 24. Nb3 Qa8 25. Bc5 Rc8 26. Bxd6 Rxc3 27. Qxc3 Rxc3 28. Kxc3 Bxd6 29. Bc4 Nxc2 30. a5 Bb4+ 31. Kb2 Ne3 32. Rc1 h6 33. gxh6 Bxa5 34. hxg7 Bxb6 35. Ra1 Qb8 36.
Rac1 Bd4+ 37. Ka3 Qa7+ 38. Kb4 Nc2+ 39. Rxc2 Bxc2 40. Bb5 Kxg7 41. h6+ Kh7 42. Nxd4 Qxd4+ 43. Bc4 Bd3 44. Rc1 Qb2+ 45. Kc5 Qxc1 46. Kd6 Qxc4 47.
Kd7 Qxd5+ 48. Ke7 Qe6+ 49. Kf8 Bb5 50. f4 Qe8# 0-1

[Event "*** Titled Tuesday Blitz"]
[Site "Chess.com"]
[Date "2020.05.19"]
[Round "1"]
[White "jlandaw"]
[Black "Robert_Chessmood"]
[Result "1-0"]
[WhiteElo "2469"]
[BlackElo "2901"]
[TimeControl "180+1"]
[EndTime "12:07:35 PDT"]
[Termination "jlandaw won by resignation"]

1. e4 c6 2. Nf3 d5 3. Nc3 Bg4 4. h3 Bxf3 5. Qxf3 e6 6. Be2 Nf6 7. O-O Nbd7 8. d4 dxe4 9. Nxe4 Nxe4 10. Qxe4 Nf6 11. Qd3 Bd6 12. Rd1 Qc7 13. Bg5 h6 14.
Bxf6 gxf6 15. Bh5 O-O-O 16. c4 c5 17. d5 Be5 18. Rab1 Kb8 19. b4 exd5 20. bxc5 dxc4 21. Qxc4 Rxd1+ 22. Bxd1 Ka8 23. Bf3 Rb8 24. a4 Bh2+ 25.
Kh1 Bd6 26. Rxb7 Rxb7 27. Bxb7+ Kxb7 28. Qd5+ Qc6 29. Qb3+ Kc8 30. cxd6 Qc1+ 31. Kh2 Qf4+ 32. Kg1 Qc1+ 33. Kh2 Qf4+ 34. Qg3 Qxa4 35. Qc3+ Kd7 36.
Qc7+ Ke6 37. Qe7+ Kd5 38. g3 Qb4 39. Qxf7+ Kc6 40. Qc7+ Kd5 41. d7 Ke6 42. d8=Q Qd2 43. Qxd2 1-0

[Event "*** Titled Tuesday Blitz"]
[Site "Chess.com"]
[Date "2020.05.19"]
[Round "1"]
[White "Anton_Demchenko"]
[Black "Keithonsky"]
[Result "1-0"]
[WhiteElo "2840"]
[BlackElo "2432"]
[TimeControl "180+1"]
[EndTime "12:07:35 PDT"]
[Termination "Anton_Demchenko won by resignation"]

1. d4 Nf6 2. Nf3 d5 3. Bf4 e6 4.
e3 Bd6 5. Ne5 c5 6. Nd2 Qc7 7. c3 a6 8. Bd3 Nbd7 9. Ndf3 h6 10. O-O b5 11. a4 c4 12. Bc2 Bb7 13. Re1 O-O 14. Qe2 Rfe8 15. h3 Nh5 16. Bh2 Nhf6 17. Kh1 Ne4 18. Nxd7 Qxd7 19. Ne5 Qc7 20. f3 Nf6 21.
Qf2 Nd7 22. Nxd7 Qxd7 23. Bxd6 Qxd6 24. e4 dxe4 25. fxe4 e5 26. Rad1 Re6 27. d5 Rf6 28. Qe3 Rf4 29. g3 Rf6 30. Kh2 Bc8 31. Rf1 Bd7 32. a5 Rxf1 33. Rxf1 Rc8 34. Qf2 Be8 35. Bd1 Qc7 36. Bg4 Rd8 37. Ra1 Rd6 38. Qe3 Rf6 39. h4 Qd6 40. Be2 Bd7 41. Rf1 Rxf1 42.
Bxf1 Qc7 43. Qb6 Qxb6 44. axb6 Bc8 45. Bh3 Bb7 46. Bd7 a5 47. Bxb5 Kf8 48. Bc6 Ba6 49. b7 Bxb7 50. Bxb7 1-0

[Event "*** Titled Tuesday Blitz"]
[Site "Chess.com"]
[Date "2020.05.19"]
[Round "1"]
[White "boasovietica"]
[Black "GukeshDommaraju"]
[Result "1-0"]
[WhiteElo "2384"]
[BlackElo "2685"]
[TimeControl "180+1"]
[EndTime "12:07:35 PDT"]
[Termination "boasovietica won by checkmate"]

1. e4 c5 2. Nf3 Nc6 3. Nc3 e5 4.
Bc4 Be7 5. d3 d6 6. Nd2 Nf6 7.
Nf1 Bg4 8. f3 Be6 9. Ne3 O-O 10.
O-O Nh5 11. Ncd5 Bg5 12. c3 Nf6 13. Nxf6+ Bxf6 14. Nd5 Bxd5 15. Bxd5 Qd7 16. f4 Ne7 17. Bb3 d5 18. fxe5 Bxe5 19. d4 cxd4 20. cxd4 Bc7 21. e5 Bb6 22. Be3 Rac8 23. Rc1 Nc6 24. Qd2 Na5 25.
Bc2 Nc4 26. Qd3 g6 27. Bh6 Rfe8 28. Kh1 Re6 29. b3 Na5 30. Rf2 Rec6 31. Rcf1 Rc3 32. Qd1 R8c7 33. e6 Qxe6 34. Re2 Qd7 35. Qe1 Rc8 36. Re7 Qb5 37. Rexf7 Qb4 38. Qe6 Kh8 39. Qf6+ Kg8 40. Qg7# 1-0

[Event "*** Titled Tuesday Blitz"]
[Site "Chess.com"]
[Date "2020.05.19"]
[Round "1"]
[White "DariaVoit"]
[Black "ViktoriyaTarasova"]
[Result "0-1"]
[WhiteElo "2523"]
[BlackElo "2270"]
[TimeControl "180+1"]
[EndTime "12:07:35 PDT"]
[Termination "ViktoriyaTarasova won by resignation"]

1. d4 Nf6 2. Nf3 e6 3. c4 b6 4. g3 Ba6 5. b3 d5 6. Bg2 Bb4+ 7.
Bd2 Bd6 8. Qc2 O-O 9. O-O Nbd7 10. a4 Ne4 11. a5 Qe7 12. Rd1 f5 13. Be1 Rfc8 14.
Nfd2 c5 15. Nxe4 fxe4 16. cxd5 exd5 17. dxc5 Bxc5 18. Qb2 Nf6 19. Bh3 Rd8 20. b4 Bd6 21. Bc3 Bc4 22. Na3 e3 23. f3 b5 24. Nxc4 dxc4 25.
Rd4 Bc7 26. Rad1 Rxd4 27. Bxd4 Rd8 28. Rc1 Nd5 29. Bc5 Qf7 30. Rd1 Qg6 31. Kh1 Bxg3 32. Rg1 Nf4 33. Bf1 Rd1 34. Bxe3 Qh5 35. Rxg3 Rxf1+ 36. Bg1 Ne6 37. Qd2 Qf7 38. Qd6 Rb1 39. Kg2 Nf4+ 40.
Kh1 Rf1 41. Qd8+ Qf8 42. Qd6 Qxd6 0-1

[Event "*** Titled Tuesday Blitz"]
[Site "Chess.com"]
[Date "2020.05.19"]
[Round "1"]
[White "vinniethepooh"]
[Black "ChocolateRoses"]
[Result "1-0"]
[WhiteElo "2553"]
[BlackElo "2245"]
[TimeControl "180+1"]
[EndTime "12:07:35 PDT"]
[Termination "vinniethepooh won on time"]

1. d4 b6 2. e4 Bb7 3. Bd3 e6 4. Nf3 Nf6 5. Nbd2 d5 6. e5 Ne4 7.
Qe2 Nxd2 8. Bxd2 Qc8 9. O-O Ba6 10. Ng5 Bxd3 11. Qxd3 h6 12. Nh3 Qa6 13. Qg3 Qe2 14. Rfd1 Qe4 15. Be3 Nd7 16. Rd2 O-O-O 17. Re1 Kb7 18.
f3 Qf5 19. Nf2 g5 20. b3 Bb4 21. Ree2 Bxd2 22. Rxd2 Rhg8 23. c4 Nb8 24. Ng4 h5 25.
Nh6 Qb1+ 26. Kf2 Rg7 27. Bxg5 Rh8 28. Qf4 Qg6 29. h4 Nd7 30. Ke3 c6 31. cxd5 cxd5 32. g4 hxg4 33. fxg4 Qb1 34. Nxf7 Qe1+ 35. Kd3 Qe4+ 36.
Kc3 Rc8+ 37. Kb2 Rc7 38. Nd6+ Kc6 39. Nxe4 dxe4 40. Qxe4+ 1-0

[Event "*** Titled Tuesday Blitz"]
[Site "Chess.com"]
[Date "2020.05.19"]
[Round "1"]
[White "AGW2016"]
[Black "IwkooO"]
[Result "0-1"]
[WhiteElo "2236"]
[BlackElo "2547"]
[TimeControl "180+1"]
[EndTime "12:07:35 PDT"]
[Termination "IwkooO won by checkmate"]

1. e4 c5 2. c3 d5 3. exd5 Qxd5 4. d4 Nc6 5. Nf3 Bg4 6. Be2 e6 7. Be3 cxd4 8. cxd4 Nf6 9. Nc3 Qd6 10. O-O Be7 11. a3 O-O 12. Qb3 a6 13. Rfd1 Rfd8 14. h3 Bh5 15. Rac1 b5 16. Bg5 Bxf3 17. Bxf3 Nxd4 18.
Rxd4 Qxd4 19. Rd1 Qb6 20. Bxa8 Rxa8 21. Qc2 Qc6 22. Qe2 h6 23. Bf4 Bxa3 24. bxa3 Qxc3 25. Be5 Qc4 26. Qf3 Qe4 27. Qg3 Nh5 28. Qc3 Nf4 29. Bxf4 Qxf4 30. Rd7 a5 31. g3 Qe4 32.
Qc7 Rf8 33. Qa7 Rc8 34. Rd1 b4 35. Qxa5 b3 36. Qb4 Qc2 37. Rf1 b2 38. a4 Qc1 39.
a5 Qxf1+ 40. Kxf1 Rc1+ 41. Kg2 b1=Q 42. Qd4 Qa1 43. Qd8+ Kh7 44. Qd3+ g6 45. Qd7 Kg7 46. Qa7 Qe5 47. h4 Qe4+ 48. Kh3 Rh1# 0-1

[Event "*** Titled Tuesday Blitz"]
[Site "Chess.com"]
[Date "2020.05.19"]
[Round "1"]
[White "themind1hunter"]
[Black "Doraemon7"]
[Result "0-1"]
[WhiteElo "2357"]
[BlackElo "2665"]
[TimeControl "180+1"]
[EndTime "12:07:37 PDT"]
[Termination "Doraemon7 won by checkmate"]

1. e4 e5 2. Nf3 Nc6 3. Bb5 a6 4. Ba4 Nf6 5. O-O Be7 6. Re1 b5 7. Bb3 d6 8. c3 O-O 9. d4 Bg4 10.
Be3 exd4 11. cxd4 Na5 12. Bc2 c5 13. h3 Bh5 14. g4 Bg6 15. Nbd2 Rc8 16. d5 Nd7 17. b3 Bf6 18. Rb1 Re8 19. Nf1 Bc3 20. Bd2 Bxd2 21. Qxd2 b4 22. Ng3 h6 23. Bd3 Ra8 24. Qc2 Qf6 25. Kg2 Rec8 26. Nd2 Ne5 27.
Ne2 h5 28. f4 Nxd3 29. Qxd3 Re8 30. h4 hxg4 31. Kg3 Bh7 32. f5 Qe5+ 33. Nf4 Re7 34.
Kxg4 Rae8 35. Nf3 Qf6 36. Ng5 Bxf5+ 37. exf5 Rxe1 38. Rxe1 Rxe1 39. Qxa6 Rg1+ 40. Kf3 Qc3+ 41. Nd3 g6 42. fxg6 Qf6+ 43. Ke3 Rg3+ 44. Ke2 Qe7+ 45.
Kd1 Rg1+ 46. Kd2 Rg2+ 47. Kc1 Qe3+ 48. Kb1 Rg1+ 49. Kb2 Qd2# 0-1

[Event "*** Titled Tuesday Blitz"]
[Site "Chess.com"]
[Date "2020.05.19"]
[Round "1"]
[White "Mirzaad786"]
[Black "LostaBet95"]
[Result "1/2-1/2"]
[WhiteElo "2249"]
[BlackElo "2530"]
[TimeControl "180+1"]
[EndTime "12:07:37 PDT"]
[Termination "Game drawn by repetition"]

1. d4 Nf6 2. Bf4 d5 3. c3 c5 4. e3 Nc6 5. Nd2 e6 6. Ngf3 Bd6 7. Ne5 Bxe5 8. dxe5 Nd7 9. Nf3 h6 10. Bd3 g5 11.
Bg3 g4 12. Nd2 Ndxe5 13. Bb5 Qg5 14. Bf4 Qg7 15. Bxe5 Qxe5 16. Qxg4 Bd7 17. Nf3 Qf6 18. Qh4 Qxh4 19. Nxh4 Ne5 20. Be2 O-O-O 21. Nf3 f6 22. Nxe5 fxe5 23. O-O-O Rhf8 24. f3 Bc6 25. Rhf1 Rd7 26.
Bd3 Rg7 27. g3 Rgf7 28. f4 d4 29. cxd4 exd4 30. exd4 cxd4 31. Bc4 Re7 32. Rxd4 e5 33. Rdd1 exf4 34. Rxf4 Rxf4 35. gxf4 Re4 36. Bd5 Rxf4 37. Bxc6 bxc6 38. Rd6 Rf1+ 39. Kc2 Rf2+ 40. Kc3 Rxh2 41. Rxc6+ Kb7 42. Rg6 h5 43. a4 a5 44. b3 h4 45.
Kc4 h3 46. Kb5 Rb2 47. Rh6 Rxb3+ 48. Kxa5 Kc7 49. Ka6 Kd7 50. a5 Ke7 51. Ka7 Kf7 52.
a6 Kg7 53. Rh4 Kg6 54. Ka8 Kg5 55. Rh8 Kg4 56. a7 Ra3 57. Kb7 Rxa7+ 58. Kxa7 Kg3 59. Rg8+ Kf2 60. Kb6 h2 61. Rf8+ Kg2 62. Rg8+ Kf2 63. Rf8+ Kg2 64. Rg8+ Kf2 1/2-1/2

[Event "*** Titled Tuesday Blitz"]
[Site "Chess.com"]
[Date "2020.05.19"]
[Round "1"]
[White "Azoulas1"]
[Black "IMJonathanCarlstedt"]
[Result "0-1"]
[WhiteElo "1946"]
[BlackElo "2474"]
[TimeControl "180+1"]
[EndTime "12:07:37 PDT"]
[Termination "IMJonathanCarlstedt won on time"]

1. e4 g6 2. d4 Bg7 3. Nc3 d6 4.
f4 a6 5. Nf3 b5 6. Bd3 Bb7 7. Be3 Nd7 8. O-O Rc8 9. e5 c5 10.
e6 fxe6 11. Ng5 Nf8 12. dxc5 dxc5 13. Be4 Bxe4 14. Ncxe4 h6 15. Nf3 Qxd1 16. Raxd1 Nd7 17. c3 Ngf6 18. Nfd2 O-O 19. h3 Nd5 20. Rde1 c4 21. g3 e5 22. fxe5 Nxe5 23. Bd4 Nd3 24. Bxg7 Kxg7 25.
Rb1 Rxf1+ 26. Nxf1 Nf6 27. Nfd2 Rc6 28. Kg2 Re6 29. Kf3 Ne5+ 30. Kg2 Nf7 31. Kf3 Nxe4 32. Nxe4 Ne5+ 33. Kg2 Nd3 34. Kf3 Re5 35. b3 cxb3 36. axb3 Nc5 37. Nxc5 Rxc5 38. Rc1 a5 39. Ke3 e5 40.
Ke4 a4 41. bxa4 bxa4 42. c4 Kf6 43. Kd3 Ra5 44. Ra1 Ke6 45. c5 Kd5 46. c6 Kxc6 47.
Ke4 a3 48. g4 a2 49. h4 Kd6 50. h5 Ra4+ 0-1

[Event "*** Titled Tuesday Blitz"]
[Site "Chess.com"]
[Date "2020.05.19"]
[Round "1"]
[White "Arjun2002"]
[Black "Danfii"]
[Result "1-0"]
[WhiteElo "2652"]
[BlackElo "2346"]
[TimeControl "180+1"]
[EndTime "12:07:38 PDT"]
[Termination "Arjun2002 won by checkmate"]

1. e4 e5 2. Nf3 Nc6 3. Bc4 Bc5 4.
c3 Nf6 5. d3 d6 6. O-O a6 7. a4 h6 8. Re1 O-O 9. h3 Re8 10. Nbd2 Be6 11. Bxe6 Rxe6 12. b4 Ba7 13. Qc2 Ne7 14. Nf1 d5 15. Ng3 Ng6 16. c4 c6 17. Bd2 Qd7 18. Red1 Rae8 19. Rab1 Bb8 20. b5 axb5 21. axb5 Nf4 22. bxc6 bxc6 23. Rb3 Rd8 24.
Rdb1 Bc7 25. Rb7 dxe4 26. dxe4 Nd3 27. Ba5 Ne8 28. Bxc7 Nxc7 29. Rd1 Rd6 30. Nf5 Re6 31. Rxc7 Qxc7 32. Rxd3 Rxd3 33. Qxd3 h5 34. Ng5 Re8 35. Nd6 Rd8 36. c5 Rd7 37. Qf3 f6 38. Ne6 Qa7 39.
Qxh5 Re7 40. Nd8 Qxc5 41. Nf5 Qc1+ 42. Kh2 Qf4+ 43. Ng3 Qxf2 44. Nxc6 Rc7 45. Qe8+ Kh7 46. Ne7 Rc2 47. Qg8+ Kh6 48. Qh8+ Kg5 49. Qh5+ Kf4 50.
Nd5# 1-0

[Event "*** Titled Tuesday Blitz"]
[Site "Chess.com"]
[Date "2020.05.19"]
[Round "1"]
[White "GothamChess"]
[Black "DishonorOnYourCow"]
[Result "1-0"]
[WhiteElo "2637"]
[BlackElo "2337"]
[TimeControl "180+1"]
[EndTime "12:07:39 PDT"]
[Termination "GothamChess won on time"]

1. e4 e5 2. Nc3 Nc6 3. Bc4 Nf6 4. d3 Na5 5. Bb3 Nxb3 6. axb3 d6 7. h3 Be6 8. Nf3 a6 9. Be3 h6 10. d4 exd4 11.
Nxd4 Bd7 12. Qd2 Be7 13. g4 b5 14. f3 b4 15. Nce2 a5 16. Ng3 Nh7 17. O-O O-O 18.
Kh2 c5 19. Ndf5 Bb5 20. Rg1 Bc6 21. Rad1 Bf6 22. Qxd6 Qxd6 23. Rxd6 Rfc8 24. Bxc5 Bb5 25. Bd4 Rxc2+ 26. Rg2 Rxg2+ 27. Kxg2 Bxd4 28. Nxd4 Ng5 29. Nxb5 a4 30. bxa4 Rxa4 31. f4 Ne6 32. f5 Nc5 33. Rd5 Nb3 34. Nd4 Nc1 35. e5 Ra2 36. e6 Rxb2+ 37.
Kf3 fxe6 38. fxe6 b3 39. Ngf5 Nd3 40. Rd8+ Kh7 41. e7 Ne5+ 42. Ke4 Re2+ 43. Nxe2 b2 44.
Rb8 1-0

[Event "*** Titled Tuesday Blitz"]
[Site "Chess.com"]
[Date "2020.05.19"]
[Round "1"]
[White "Ranindu2003"]
[Black "Oleksandr_Bortnyk"]
[Result "0-1"]
[WhiteElo "2458"]
[BlackElo "2993"]
[TimeControl "180+1"]
[EndTime "12:07:40 PDT"]
[Termination "Oleksandr_Bortnyk won on time"]

1. e4 Nf6 2. e5 Nd5 3. d4 d6 4. Nf3 dxe5 5. Nxe5 c6 6. Be2 Bf5 7. c3 Nd7 8. O-O Nxe5 9. dxe5 Qc7 10. f4 e6 11. Bd3 O-O-O 12. Bxf5 Bc5+ 13. Kh1 Ne3 14. Qf3 Nxf1 15. Bc2 Nxh2 16. Kxh2 Qe7 17. g3 h5 18. Nd2 f5 19. exf6 gxf6 20. Ne4 h4 21. g4 Bb6 22. Be3 f5 23. Nf2 fxg4 24. Nxg4 Kb8 25.
Bxb6 axb6 26. Qe3 h3 27. a4 Qc5 28. Qe2 Ka8 29. a5 b5 30. a6 b6 31. Be4 Ka7 32. Ne5 Rc8 33. Rd1 Rc7 34. Qf3 Rg8 35. Bxc6 Rg2+ 36.
Kxh3 Rf2 37. Qh1 Qe3+ 0-1

[Event "*** Titled Tuesday Blitz"]
[Site "Chess.com"]
[Date "2020.05.19"]
[Round "1"]
[White "OparinGrigoriy"]
[Black "Bossche-CM"]
[Result "1/2-1/2"]
[WhiteElo "2903"]
[BlackElo "2459"]
[TimeControl "180+1"]
[EndTime "12:07:40 PDT"]
[Termination "Game drawn by agreement"]

1. d4 Nf6 2. c4 e6 3. Nf3 c5 4.
d5 exd5 5. cxd5 d6 6. Nc3 g6 7.
Bf4 Bg7 8. Qa4+ Bd7 9. Qb3 Bc8 10. h3 O-O 11. e3 a6 12. a4 Ne8 13. Be2 b6 14.
O-O Nd7 15. Nd2 Rb8 16. Bh2 Ne5 17. Rad1 f5 18. f4 Nf7 19. e4 fxe4 20. Ncxe4 Nf6 21.
Nxf6+ Bxf6 22. Ne4 Bg7 23. Bg4 Bxg4 24. hxg4 Re8 25. Qf3 Bxb2 26. f5 Ng5 27. Nxg5 Qxg5 28. Bxd6 Rb7 29. Bf4 Qf6 30. d6 Rd7 31. Qd5+ Qf7 32.
g3 Bd4+ 33. Rxd4 cxd4 34. Qxd4 gxf5 35. gxf5 Rc8 36. Qxb6 Qc4 37. Qe3 Qc5 38. Re1 Qxe3+ 39. Rxe3 Rc4 40. f6 Kf7 41. Kg2 Rxa4 42. Rc3 Rxf4 43.
gxf4 Rxd6 44. Kf3 Kxf6 45. Ra3 h6 46. Ra5 Rb6 47. Kg4 1/2-1/2

[Event "*** Titled Tuesday Blitz"]
[Site "Chess.com"]
[Date "2020.05.19"]
[Round "1"]
[White "Camels1981"]
[Black "ALeks_Ivlev"]
[Result "1-0"]
[WhiteElo "2326"]
[BlackElo "2588"]
[TimeControl "180+1"]
[EndTime "12:07:40 PDT"]
[Termination "Camels1981 won by resignation"]

1. e4 c5 2. Nf3 d6 3. d4 cxd4 4.
Nxd4 Nf6 5. Nc3 g6 6. Be3 Bg7 7. f3 a6 8. Qd2 h5 9. O-O-O b5 10.
Kb1 Bb7 11. Qf2 Nbd7 12. h3 Rc8 13. Nce2 Ne5 14. Nf4 Qd7 15. c3 Nc4 16. Bxc4 Rxc4 17. Nc2 Qc7 18. g4 Qc8 19. Rhe1 hxg4 20. hxg4 a5 21. Nd3 b4 22. cxb4 axb4 23. Bd4 e5 24. Bb6 Nd7 25. Ndxb4 Ke7 26. Be3 Bf6 27. b3 Bh4 28.
Qd2 Bxe1 29. Qxd6+ Ke8 30. bxc4 Bh4 31. Nd5 Bxd5 32.
cxd5 Be7 33. Qc6 Qxc6 34. dxc6 Nf6 35. c7 Kf8 36. c8=Q+ Kg7 37. Qxh8+ Kxh8 38. Bg5 Kg7 39. Bxf6+ Kxf6 40. a4 Ke6 41. a5 Bc5 42. a6 f5 43.
gxf5+ gxf5 44. exf5+ Kxf5 45. Re1 Kf4 46. Re4+ Kf5 47.
Ka2 Ba7 48. Kb3 Ke6 49. Kc4 Kd6 50. Kb5 Kd5 51. Nb4+ Ke6 52. Nd3 Kf5 53. Rxe5+ 1-0

[Event "*** Titled Tuesday Blitz"]
[Site "Chess.com"]
[Date "2020.05.19"]
[Round "1"]
[White "vladislavkovalev"]
[Black "LuckSlayeer"]
[Result "1-0"]
[WhiteElo "2905"]
[BlackElo "2449"]
[TimeControl "180+1"]
[EndTime "12:07:41 PDT"]
[Termination "vladislavkovalev won by checkmate"]

1. e4 c5 2. Be2 Nc6 3. d3 g6 4. f4 Bg7 5. Nf3 d6 6. O-O e6 7.
c3 Nge7 8. Be3 O-O 9. d4 cxd4 10.
cxd4 d5 11. e5 Nf5 12. Bf2 Bd7 13. Nc3 Rc8 14. Rc1 Na5 15. b3 f6 16. g4 Ne7 17.
exf6 Bxf6 18. Be3 Bg7 19. h3 a6 20. Qd2 b5 21. Ne5 Nac6 22. Bd3 Be8 23. Ne2 Qb6 24. Kg2 Nxe5 25. fxe5 Rxc1 26. Rxc1 b4 27. Nf4 a5 28. Rf1 Bb5 29. Rf2 Bxd3 30. Nxd3 Rxf2+ 31. Qxf2 Nc6 32. Nc5 Na7 33. Bg5 Nb5 34. Bf6 Bf8 35. Bg5 Bg7 36. h4 Nc3 37. Bf6 Bf8 38. Nd7 Qb7 39. Nxf8 Ne4 40. Qf4 Kxf8 41. Qh6+ Kg8 42. h5 Nxf6 43. exf6 Qf7 44. hxg6 hxg6 45. g5 Qe8 46. Qg7# 1-0